 Dungeon Crawl Stone Soup version 0.29.1-4-g47bece8355 (webtiles) character file.

Game seed: 1557617958481684856

5904 DoIIoM the Summoner (level 10, -1/72 HPs)
             Began as an Octopode Summoner on Dec 3, 2022.
             Was a Believer of Vehumet.
             Slain by a steam dragon (6 damage)
             ... on level 8 of the Dungeon.
             The game lasted 00:29:12 (10709 turns).

DoIIoM the Summoner (Octopode Summoner)            Turns: 10709, Time: 00:29:13

Health: -1/72      AC:  1    Str: 11    XL:     10   Next: 82%
Magic:  10/21      EV: 13    Int: 21    God:    Vehumet [**....]
Gold:   623        SH:  0    Dex: 13    Spells: 11/24 levels left

rFire   x . .      SeeInvis .   v - +2 whip (flame)
rCold   + . .      Faith    .   (no shield)
rNeg    + . .      Spirit   .   (helmet restricted)
rPois   .          Reflect  .   (no amulet)
rElec   .          Harm     .   o - ring of Xiutroi {Ice rN+ Will+ Str+3}
rCorr   .          Rampage  .   (no ring)
Will    +....                   (no ring)
Stlth   +++.......              (no ring)
HPRegen 0.22/turn               (no ring)
MPRegen 0.17/turn               (no ring)
                                (no ring)
                                (no ring)

@: studying Staves
A: almost no armour, amphibious, 8 rings, camouflage 1, gelatinous body 1,
(nimble swimmer 1), tentacles
a: Renounce Religion


You were on level 8 of the Dungeon.
You worshipped Vehumet.
Vehumet was pleased with you.
You visited 2 branches of the dungeon, and saw 10 of its levels.

You collected 623 gold pieces.

Inventory:

Hand Weapons
 b - a +0 dagger
 v - a +2 whip of flaming (weapon)
Missiles
 l - a throwing net
Jewellery
 o - the ring of Xiutroi (left tentacle) {Ice rN+ Will+ Str+3}
   (You found it on level 4 of the Dungeon)

   [ring of ice]

   It enhances your ice magic.
   Str:       It affects your strength (+3).
   rF:        It makes you vulnerable to fire.
   rC:        It protects you from cold.
   rN:        It protects you from negative energy.
   Will:      It increases your willpower.
 B - a +6 ring of intelligence
Wands
 s - a wand of light (4)
Scrolls
 c - 2 scrolls of amnesia {unknown}
 d - 3 scrolls of noise
 e - 3 scrolls of teleportation
 g - 2 scrolls of enchant armour {unknown}
 i - 2 scrolls of enchant weapon {unknown}
 m - 2 scrolls of immolation {unknown}
 q - 2 scrolls of fog {unknown}
 r - 2 scrolls of vulnerability {unknown}
 u - a scroll of fear {unknown}
 y - a scroll of silence {unknown}
Potions
 a - a potion of magic
 f - 2 potions of lignification
 j - 2 potions of curing
 k - 2 potions of haste
 n - 2 potions of brilliance
 p - a potion of resistance
 t - 2 potions of flight
 w - a potion of might
 x - a potion of ambrosia {unknown}
 z - 2 potions of mutation


   Skills:
 + Level 8.1 Fighting
 - Level 2.0 Dodging
 - Level 4.0 Stealth
 + Level 7.7 Spellcasting
 + Level 9.2 Summonings
 + Level 7.0 Air Magic


You had 11 spell levels left.
You knew the following spells:

 Your Spells              Type           Power      Damage    Failure   Level
a - Summon Small Mammal   Summ           100%       N/A       1%          1
b - Call Imp              Summ           46%        N/A       1%          2
c - Call Canine Familiar  Summ           46%        N/A       1%          3
d - Summon Lightning Spi  Summ/Air       42%        N/A       3%          4
e - Summon Guardian Gole  Hex/Summ       27%        N/A       3%          3

Your spell library contained the following spells:

 Spells                   Type           Power      Damage    Failure   Level
 Static Discharge         Conj/Air       22%        3-6/arc   3%          2
 Scorch                   Fire           16%        2d6       12%         2
 Inner Flame              Hex/Fire       8%         N/A       24%         3
 Summon Cactus Giant      Summ           23%        N/A       28%         6
 Cause Fear               Hex            4%         N/A       63%         4
 Flame Wave               Conj/Fire      8%         2d5       63%         4
 Discord                  Hex            4%         N/A       100%        8


Dungeon Overview and Level Annotations

Branches:
Dungeon (9/15)             Temple (1/1) D:4
   Lair: D:8-11         Orc: D:9-12

Altars:
Cheibriados
Dithmenos
Gozag
Hepliaklqana
Kikubaaqudgha
Makhleb
Nemelex Xobeh
Okawaru
Qazlal
Ru
Sif Muna
Trog
Uskayaw
Vehumet
Wu Jian
Xom
Yredelemnul
Zin
The Shining One


Innate Abilities, Weirdness & Mutations

You cannot wear most types of armour.
You are amphibious.
You can wear up to eight rings at the same time.
Your skin changes colour to match your surroundings (Stealth+).
Your rubbery body absorbs attacks. (AC +1, EV +1)
((You are camouflaged when in or above water. (Stealth+)))
You have tentacles for arms and can constrict up to eight enemies at once.


Message History

Your wolf barely misses the steam dragon.
Casting: Call Imp (safe; 1% risk of failure)
Confirm with . or Enter, or press ? or * to list all spells.
An electric hum fills the air.
Your wolf bites the steam dragon!
The bullfrog hits you. The steam dragon bites you! The steam dragon misses you.
Your wolf barely misses the steam dragon.
The bullfrog barely misses you.
Your crimson imp hits the bullfrog.
Unknown command.
Casting: Summon Lightning Spire (dangerous; 3% risk of failure)
Confirm with . or Enter, or press ? or * to list all spells.
A guardian golem appears, shielding your allies.
Your wolf bites the steam dragon but does no damage.
The steam dragon bites you! The steam dragon claws you.
The bullfrog barely misses you.
Your wolf bites the steam dragon.
Your crimson imp hits the bullfrog.
You barely miss the bullfrog. You grab the bullfrog.
The bullfrog is moderately wounded.
You constrict the bullfrog. The bullfrog closely misses you.
The steam dragon completely misses you. The steam dragon claws you.
Your wolf barely misses the steam dragon.
The bullfrog hits you.
Your crimson imp hits the bullfrog.
Unknown command.
You hit the bullfrog. You burn the bullfrog.
The bullfrog is severely wounded.
You constrict the bullfrog.
Your wolf closely misses the steam dragon.
The steam dragon breathes steam at you. The ball of steam hits you!!
The steam scalds you terribly!
* * * LOW HITPOINT WARNING * * *
The ball of steam hits your guardian golem!
Your guardian golem resists.
The bullfrog hits you.
* * * LOW HITPOINT WARNING * * *
Your wolf barely misses the steam dragon.
Your crimson imp hits the bullfrog.
The bullfrog barely misses your crimson imp.
The steam dragon bites you.
* * * LOW HITPOINT WARNING * * *
The steam dragon claws you.
You die...

... ... ....
.....
.....##########
.............
## #..........
#. #ยง9@D8.....
#.
......5F.h.....
#.
..........#####
#. ..........#
#. .######...#
#. #...# ##
#...# #...#


You could see a steam dragon (catching breath, ally target), a bullfrog
(distracted, ally target), a friendly guardian golem (summoned), a friendly wolf
(summoned, sheltered), a friendly lightning spire (summoned, sheltered) and a
friendly crimson imp (summoned, sheltered).

Vanquished Creatures
  A wyvern (D:9)
  A water moccasin (D:6)
  A sky beast (D:7)
  An ogre (D:7)
  3 bullfrogs
  2 scorpions (D:5)
  A howler monkey (D:5)
  An orc priest (D:9)
  5 iguanas
  An orc wizard (D:4)
  9 adders
  3 gnolls (D:3)
  A shadow imp (D:7)
  A white imp (D:8)
  A dart slug (D:1)
  22 orcs
  5 bats
  7 endoplasms
  A giant cockroach (D:4)
  4 goblins
  3 hobgoblins
  6 jackals
  3 quokkas
  5 ball pythons
  3 frilled lizards
  3 kobolds
  8 rats
102 creatures vanquished.

Vanquished Creatures (collateral kills)
  2 two-headed ogres
  Pikel (D:4)
  The ghost of yodak the Chopper, an amateur HOBe of Trog (D:4)
  A troll (D:9)
  Prince Ribbit (D:5)
  A steam dragon (D:7)
  4 orc warriors
  A water moccasin (D:7)
  An ice beast (D:6)
  A centaur (D:6)
  A lemure (D:4)
  A bullfrog (D:7)
  A scorpion (D:4)
  6 killer bees (D:9)
  6 orc priests
  2 iguanas
  7 orc wizards
  6 gnolls
  A shadow imp (D:6)
  25 orcs
  A ball python (D:4)
  3 goblins (D:7)
  8 jackals
  A frilled lizard (D:2)
83 creatures vanquished.

Vanquished Creatures (others)
  A two-headed ogre (D:8)
  A steam dragon (D:9)
  A gnoll sergeant (D:6)
  An orc (D:8)
  A fungus (D:2)
  4 toadstools (D:2)
9 creatures vanquished.

Grand Total: 194 creatures vanquished

Notes
Turn   | Place    | Note
-------+----------+-------------------------------------------
     0 | D:1      | DoIIoM the Octopode Summoner began the quest for the Orb.
     0 | D:1      | Reached XP level 1. HP: 11/11 MP: 3/3
   408 | D:1      | Reached XP level 2. HP: 14/18 MP: 5/5
   411 | D:1      | Learned a level 2 spell: Call Imp
   943 | D:1      | Reached skill level 1 in Fighting
   943 | D:1      | Reached XP level 3. HP: 19/23 MP: 3/6
  1442 | D:2      | Found a faded altar of an unknown god.
  2049 | D:2      | HP: 1/23 [frilled lizard (3)]
  2348 | D:3      | Reached XP level 4. HP: 21/28 MP: 3/7
  2717 | D:3      | Found a sacrificial altar of Ru.
  2997 | D:3      | Reached XP level 5. HP: 26/34 MP: 6/9
  3001 | D:3      | Learned a level 3 spell: Call Canine Familiar
  3152 | D:3      | Found a burning altar of Makhleb.
  3433 | D:4      | Found a runed translucent door.
  3434 | D:4      | Noticed yodak's ghost (amateur HOBe)
  3589 | D:4      | Reached skill level 5 in Summonings
  3589 | D:4      | Reached XP level 6. HP: 39/41 MP: 6/11
  3789 | D:4      | Noticed Pikel
  4211 | D:4      | Identified the ring of Xiutroi {Ice rN+ Will+ Str+3}
  4313 | D:4      | Noticed a two-headed ogre
  4618 | D:4      | Reached XP level 7. HP: 46/46 MP: 6/13
  4623 | D:4      | Learned a level 4 spell: Summon Lightning Spire
  4657 | D:4      | Killed a two-headed ogre
  4658 | D:4      | Reached skill level 6 in Summonings
  4658 | D:4      | Reached XP level 8. HP: 41/54 MP: 3/15
  4905 | D:5      | Entered Level 5 of the Dungeon
  5118 | D:5      | Reached skill level 5 in Spellcasting
  5345 | D:5      | Reached skill level 5 in Fighting
  5457 | D:5      | Noticed Prince Ribbit
  5498 | D:5      | Killed Prince Ribbit
  6092 | D:6      | Reached skill level 7 in Summonings
  6227 | D:6      | Reached XP level 9. HP: 46/61 MP: 8/17
  6353 | D:6      | Learned a level 3 spell: Summon Guardian Golem
  6782 | D:6      | Found an iron altar of Okawaru.
  7086 | D:4      | Found a glowing golden altar of the Shining One.
  7121 | D:4      | Killed Pikel
  7409 | D:4      | Found a staircase to the Ecumenical Temple.
  7427 | Temple   | Entered the Ecumenical Temple
  7597 | Temple   | Became a worshipper of Vehumet
  7869 | D:4      | Killed yodak's ghost
  7870 | D:4      | Reached skill level 5 in Air Magic
  8418 | D:7      | Found a hide-covered altar of Uskayaw.
  8479 | D:7      | Reached skill level 8 in Summonings
  8901 | D:7      | Found a stormy altar of Qazlal.
  8914 | D:7      | Found a bloodstained altar of Trog.
  8920 | D:7      | Reached XP level 10. HP: 49/71 MP: 20/20
  9063 | D:7      | Found a hazy altar of Hepliaklqana.
  9242 | D:8      | Reached * piety under Vehumet
  9242 | D:8      | Offered knowledge of Freeze by Vehumet.
  9386 | D:9      | Found an ancient bone altar of Kikubaaqudgha.
  9391 | D:9      | Noticed a two-headed ogre
  9451 | D:9      | Killed a two-headed ogre
  9989 | D:9      | Found a shadowy altar of Dithmenos.
 10326 | D:8      | Noticed a two-headed ogre
 10340 | D:8      | Killed a two-headed ogre
 10340 | D:8      | Offered knowledge of Static Discharge by Vehumet.
 10341 | D:8      | Reached skill level 9 in Summonings
 10365 | D:8      | Reached ** piety under Vehumet
 10709 | D:8      | Slain by a steam dragon

Illustrated notes

Levels and vault maps discovered:
D:1:      dpeg_arrival_shrine, layout_loops_ring, feat_on_display
D:2:      layout_loops_ring, ebering_ecumenical_altar_abandoned,
          minmay_gold_behind_fungi, chequers_jeans
D:3:      layout_loops_ring, lightli_temple_of_fire,
          nicolae_ru_sacrificial_ziggurat
D:4:      minmay_chambers_of_fours, layout_basic, tso_oasis_becter,
          minmay_temple_entry_enclosed_plants, ebering_ghost_reflecting_pool,
          chequers_serial_rivers_small_b, uniq_pikel
D:5:      layout_basic, uniq_prince_ribbit1
D:6:      layout_cave_pools, kennysheep_mini
D:7:      minmay_spotlight, layout_rooms, mainiacjoe_overflow_chevrons,
          nicolae_uskayaw_murder_on_the_dancefloor,
          mainiacjoe_overflow_tiny_flanked, bloody_trog, enter_bailey_5,
          minivault_26
D:8:      layout_basic, minmay_orc_keep
D:9:      layout_rooms, old_standard_altar,
          mainiacjoe_overflow_concentric_impassable, serial_rivers,
          chequers_serial_rivers_large_a, chequers_serial_rivers_room_b,
          chequers_serial_rivers_micro_c, chequers_serial_rivers_room_a,
          chequers_serial_rivers_marsh
Temple:   grunt_temple_mini_profane

Skill      XL: |  1  2  3  4  5  6  7  8  9 10 |
---------------+-------------------------------+-----
Stealth        | 3 4 |  4.0
Fighting       | 1 2 3 4 5 7 8 |  8.1
Spellcasting   | 3 4 5 6 7 |  7.7
Summonings     | 5 6 7 8 9 |  9.2
Air Magic      | 2 4 5 7 |  7.0
Dodging        | |  2.0

Action                   |  1- 3 |  4- 6 |  7- 9 | 10-12 || total
-------------------------+-------+-------+-------+-------++-------
Melee: Dagger            |    75 |    74 |    59 |       ||   208
       Tentacles         |    17 |    21 |    30 |     7 ||    75
       Constrict         |    16 |    22 |    28 |    10 ||    76
       Punch             |       |     1 |     3 |       ||     4
       Whip              |       |       |    50 |    28 ||    78
 Cast: Call Imp          |     6 |    17 |    18 |    12 ||    53
       Summon Small Mamm |     1 |     7 |       |       ||     8
       Call Canine Famil |       |     6 |    17 |    11 ||    34
       Summon Lightning  |       |       |    14 |    10 ||    24
       Summon Guardian G |       |       |     3 |     5 ||     8
  Use: Potion            |     1 |       |       |     6 ||     7
       Scroll            |       |       |     6 |     3 ||     9
 Stab: Sleeping          |    11 |     8 |    12 |       ||    31
       Distracted        |       |     1 |     4 |     1 ||     6
Armor: Skin              |     6 |     1 |     3 |     1 ||    11
Dodge: Dodged            |    56 |    40 |    74 |    43 ||   213
